 Dungeon Crawl Stone Soup version 0.21.1-1-g345015f (webtiles) character file.

1916 Borgoz the Skirmisher (level 8, -8/73 HPs)
             Began as a Minotaur Abyssal Knight on Feb 13, 2018.
             Was a Priest of Lugonu.
             Mangled by a shadow (16 damage)
             ... on level 7 of the Dungeon.
             The game lasted 00:10:32 (5057 turns).

Borgoz the Skirmisher (Minotaur Abyssal Knight)     Turns: 5057, Time: 00:10:33

Health: -8/73      AC:  9    Str: 21      XL:     8   Next: 95%
Magic:  11/11      EV: 14    Int:  9      God:    Lugonu [***...]
Gold:   274        SH:  0    Dex: 11 (13) Spells: 7/7 levels left

rFire    + . .     SeeInvis .   e - +1 hand axe (freeze)
rCold    + . .     Gourm    .   (no shield)
rNeg     . . .     Faith    .   a - +3 leather armour
rPois    +         Spirit   .   (helmet restricted)
rElec    .         Reflect  .   o - scarf {rC+ rF+}
rCorr    .         Harm     .   s - +0 pair of gloves
MR       .....                  (no boots)
Stlth    +.........             (no amulet)
HPRegen  0.22/turn              B - ring of poison resistance
MPRegen  0.12/turn              d - +1 ring of protection

@: mighty, drained
A: retaliatory headbutt, horns 2
a: Depart the Abyss, Bend Space, Banish, Renounce Religion


You were on level 7 of the Dungeon.
You worshipped Lugonu.
Lugonu was most pleased with you.
You were not hungry.

You visited 1 branch of the dungeon, and saw 7 of its levels.
You visited the Abyss 1 time.

You collected 274 gold pieces.

Inventory:

Hand Weapons
 e - a +1 hand axe of freezing (weapon)
Armour
 a - a +3 leather armour (worn)
 o - a scarf of resistance (worn)
 s - a +0 pair of gloves (worn)
Jewellery
 d - a +1 ring of protection (right hand)
 n - an uncursed ring of protection from magic
 B - a ring of poison resistance (left hand)
 F - a +3 ring of intelligence
Wands
 r - a wand of digging (13)
 C - a wand of polymorph (19)
 D - a wand of paralysis (23)
Scrolls
 f - 2 scrolls of fear {unknown}
 m - a scroll of enchant weapon {unknown}
 p - 4 scrolls of remove curse {unknown}
 q - a scroll of immolation {unknown}
 t - 2 scrolls of blinking {unknown}
 u - 2 scrolls of fog {unknown}
 v - a scroll of magic mapping {unknown}
 w - a scroll of amnesia {unknown}
 y - 2 scrolls of teleportation {unknown}
Potions
 g - a potion of flight
 h - a potion of cancellation
 j - 4 potions of curing
 k - 3 potions of lignification
 l - a potion of agility {unknown}
Books
 E - a Young Poisoner's Handbook

   Spells                             Type                      Level
   a - Sting                          Conjuration/Poison           1
   b - Poisonous Vapours              Poison/Air                   2
   c - Mephitic Cloud                 Conjuration/Poison/Air       3
   d - Olgreb's Toxic Radiance        Poison                       4
   e - Venom Bolt                     Conjuration/Poison           5
Comestibles
 c - 9 rations


   Skills:
 + Level 7.3(6.9) Fighting
 + Level 6.6(6.2) Axes
 + Level 6.7(6.4) Armour
 + Level 5.5(5.2) Dodging
 + Level 5.4(5.0) Invocations


You had 7 spell levels left.
You didn't know any spells.

Dungeon Overview and Level Annotations

Branches:
Dungeon (7/15)             Temple (0/1) D:5

Altars:
Ashenzari
Elyvilon
Fedhas
Gozag
Sif Muna
Trog

Shops:
D:6 *


Innate Abilities, Weirdness & Mutations

You reflexively headbutt those who attack you in melee.
You have a pair of horns on your head.


Message History

The shadow flickers and vanishes!
Deactivating autopickup; reactivate with Ctrl-A.
You closely miss something. Your headbutt misses something.
The shadow strikes at you from the darkness!
* * * LOW HITPOINT WARNING * * *
Reactivating autopickup.
You feel very mighty all of a sudden. The shadow hits you!
* * * LOW HITPOINT WARNING * * *
You hit the shadow.
The shadow is severely damaged.
The shadow closely misses you.
You hit the shadow.
The shadow is severely damaged.
The shadow slips into darkness.
The shadow flickers and vanishes!
Deactivating autopickup; reactivate with Ctrl-A.
You hit something.
The shadow strikes at you from the darkness!
You die...

#. ##..## #. #....
## #.##...##..
#........##
#..#.......
#......# #h..#
#{### #@# # ##+##
#.#####.# ##...##
#.......# ##.....#
#.##.######.......
#.#...####........
#....)...+........
#.#...####........
#.##.## ##.......
#.# ## ##.....#


You could see a jackal.

Vanquished Creatures
  The ghost of
  1994 the Caller, a novice TeSu (D:6)
  2 orc warriors (D:6)
  2 ice beasts
  5 ogres
  A big kobold (D:4)
  4 wights (D:7)
  A quasit (D:7)
  A bullfrog zombie (D:7)
  A hound (D:5)
  A centaur skeleton (D:4)
  2 iguanas
  An orc wizard (D:6)
  2 worker ants
  2 killer bee zombies
  A hound skeleton (D:5)
  3 gnolls (D:6)
  13 adders
  2 shadow imps (D:5)
  2 oozes
  2 adder skeletons
  3 worms
  5 dart slugs
  A leopard gecko (D:2)
  6 orcs
  8 bats
  3 giant cockroaches (D:4)
  3 goblins
  4 hobgoblins
  10 jackals
  2 quokkas (D:5)
  A ball python (D:5)
  8 frilled lizards
  A giant cockroach zombie (D:5)
  4 kobolds
  7 rats
115 creatures vanquished.

Notes
Turn   | Place    | Note
-------+----------+-------------------------------------------
     0 | Abyss:1  | Borgoz the Minotaur Abyssal Knight began the quest for the Orb.
     0 | Abyss:1  | Reached XP level 1. HP: 19/19 MP: 1/1
    60 | Abyss:1  | Noticed a glowing orange brain
    68 | Abyss:1  | Noticed a wretched star
    72 | D:1      | Escaped the Abyss
   220 | D:1      | Reached * piety under Lugonu
   223 | D:1      | Reached skill level 4 in Fighting
   432 | D:1      | Reached XP level 2. HP: 27/27 MP: 2/2
   925 | D:2      | Reached XP level 3. HP: 28/33 MP: 3/3
  1057 | D:2      | Found a bloodstained altar of Trog.
  1126 | D:2      | Found a blossoming altar of Fedhas.
  1187 | D:2      | Reached XP level 4. HP: 34/41 MP: 4/4
  1391 | D:3      | Reached ** piety under Lugonu
  1498 | D:3      | Noticed an ogre
  1508 | D:3      | Killed an ogre
  1508 | D:3      | Reached XP level 5. HP: 23/47 MP: 4/6
  1703 | D:3      | Found a deep blue altar of Sif Muna.
  1877 | D:3      | Found a white marble altar of Elyvilon.
  2101 | D:4      | Reached skill level 5 in Fighting
  2127 | D:4      | Noticed an ogre
  2289 | D:4      | Killed an ogre
  2289 | D:4      | Reached XP level 6. HP: 30/56 MP: 7/7
  2631 | D:4      | Found a shattered altar of Ashenzari.
  2960 | D:5      | Entered Level 5 of the Dungeon
  2971 | D:5      | Reached XP level 7. HP: 38/61 MP: 8/8
  3331 | D:5      | Reached skill level 5 in Armour
  3352 | D:5      | Reached skill level 5 in Axes
  3484 | D:5      | Reached skill level 6 in Fighting
  3556 | D:5      | Reached *** piety under Lugonu
  3628 | D:5      | Found a staircase to the Ecumenical Temple.
  3904 | D:6      | Noticed 1994's ghost (novice TeSu)
  3921 | D:6      | Killed 1994's ghost
  3921 | D:6      | Reached XP level 8. HP: 68/71 MP: 10/10
  4043 | D:6      | Reached skill level 5 in Dodging
  4392 | D:6      | Reached skill level 5 in Invocations
  4743 | D:6      | Found Zaewuh's Assorted Antiques.
  4782 | D:7      | Found an opulent altar of Gozag.
  4883 | D:7      | Reached skill level 7 in Fighting
  5057 | D:7      | Mangled by a shadow

Skill      XL: |  1  2  3  4  5  6  7  8 |
---------------+-------------------------+-----
Fighting       | 4 5 6 7 |  7.3
Invocations    | 2 3 4 5 |  5.4
Armour         | 3 4 6 |  6.7
Axes           | 3 4 5 6 |  6.6
Dodging        | 2 3 4 5 |  5.5

Action                   |  1- 3 |  4- 6 |  7- 9 || total
-------------------------+-------+-------+-------++-------
Melee: Hand axe          |    64 |   135 |   220 ||   419
       Headbutt          |     7 |    16 |    41 ||    64
Invok: Depart the Abyss  |     1 |       |       ||     1
  Use: Scroll            |       |       |     7 ||     7
       Potion            |       |       |     4 ||     4
  Eat: Chunk             |     1 |     5 |     5 ||    11
       Ration            |       |       |     1 ||     1
Armor: Leather armour    |    26 |    43 |    51 ||   120
       Chain mail        |       |       |    17 ||    17
Dodge: Dodged            |    39 |    83 |   170 ||   292
